 Dungeon Crawl Stone Soup version 0.31-a0-1206-g41278d8d1d (webtiles) character file.

Game seed: 14467087559816414150

7 Maratek the Caller (level 2, 19/19 HPs)
             Began as a Gnoll Summoner on Dec 12, 2023.
             Quit the game on level 1 of the Dungeon on Dec 13, 2023.
             The game lasted 00:01:11 (107 turns).

Maratek the Caller (Gnoll Summoner)                  Turns: 107, Time: 00:01:12

Health: 19/19      AC:  2    Str:  7    XL:     2   Next: 0%
Magic:  4/7        EV: 13    Int: 14    God:
Gold:   0          SH:  0    Dex: 12    Spells: 9/10 levels left

rFire   . . .        (no weapon)
rCold   . . .        (no shield)
rNeg    . . .        a - +0 robe
rPois   .            (no helmet)
rElec   .            (no cloak)
rCorr   .            (no gloves)
SInv    .            (no boots)
Will    .....        (no amulet)
Stlth   ++           (no ring)
HPRegen 0.23/turn    (no ring)
MPRegen 0.10/turn

%: no passive effects
@: no status effects
A: fangs 1, strong nose, distributed training
a: no special abilities


You were on level 1 of the Dungeon.
You visited 1 branch of the dungeon, and saw 1 of its levels.

Inventory:

Armour
 a - a +0 robe (worn)
Scrolls
 c - a scroll of teleportation {unknown}
 d - a scroll of vulnerability {unknown}
Potions
 b - a potion of magic
 e - a potion of attraction {unknown}


   Skills:
 + Level 0.2 Fighting
 + Level 0.2 Short Blades
 + Level 0.2 Long Blades
 + Level 0.2 Axes
 + Level 0.2 Maces & Flails
 + Level 0.2 Polearms
 + Level 0.2 Staves
 + Level 0.2 Ranged Weapons
 + Level 0.2 Throwing
 + Level 0.2 Armour
 + Level 4.4 Dodging
 + Level 4.0 Stealth
 + Level 0.2 Shields
 + Level 0.2 Unarmed Combat
 + Level 4.9 Spellcasting
 + Level 0.1 Conjurations
 + Level 0.1 Hexes
 + Level 7.0 Summonings
 + Level 0.1 Necromancy
 + Level 0.1 Translocations
 + Level 0.1 Transmutations
 + Level 0.1 Fire Magic
 + Level 0.1 Ice Magic
 + Level 0.1 Air Magic
 + Level 0.1 Earth Magic
 + Level 0.1 Poison Magic
 + Level 0.3 Invocations
 + Level 0.2 Evocations
 + Level 0.2 Shapeshifting


You had 9 spell levels left.
You knew the following spells:

 Your Spells              Type           Power      Damage    Failure   Level
a - Summon Small Mammal   Summ           92%        N/A       1%          1

Your spell library contained the following spells:

 Spells                   Type           Power      Damage    Failure   Level
 Call Imp                 Summ           46%        N/A       1%          2
 Call Canine Familiar     Summ           23%        N/A       3%          3
 Summon Guardian Golem    Hex/Summ       13%        N/A       12%         3
 Summon Lightning Spire   Summ/Air       13%        N/A       36%         4


Dungeon Overview and Level Annotations

Branches:
Dungeon (1/15)

Altars:


Innate Abilities, Weirdness & Mutations

You have very sharp teeth.
Your uncanny sense of smell can sniff out nearby items.
Your experience applies equally to all skills.


Message History

Press: ? - help, Q - select action Dir - look around, f - activate You swap places.
A frilled lizard comes into view.
A bat comes into view.
Casting: Summon Small Mammal (safe; 1% risk of failure)
Press: ? - help, Q - select action Dir - look around, f - activate The frilled lizard hisses angrily.
The jackal barks!
Your rat disappears in a puff of smoke!
A jackal comes into view.
Your quokka barely misses the jackal. x2; Your quokka bites the jackal.
Your quokka bites the jackal.
The bat misses your quokka. The jackal closely misses your quokka.
Your quokka bites the jackal.
The jackal dies!
The jackal bites your quokka.
Your quokka barely misses the jackal.
The bat barely misses your quokka. The bat misses your quokka.
The bat barely misses your quokka.
Your quokka bites the jackal.
The jackal closely misses your quokka.
Your quokka barely misses the jackal.
The frilled lizard bites your quokka but does no damage.
The jackal bites your quokka but does no damage.
Your quokka barely misses the jackal.
Something closely misses your quokka.
Your quokka bites the jackal.
The jackal closely misses your quokka.
Your quokka barely misses the jackal.
Something closely misses your quokka. The frilled lizard bites your quokka.
Your quokka bites the jackal.
The jackal dies!
Your quokka barely misses the frilled lizard.
The frilled lizard barely misses your quokka.
Your quokka completely misses the frilled lizard.
Something barely misses your quokka.
Your quokka closely misses the frilled lizard.
Your quokka bites the frilled lizard.
The frilled lizard dies!
Something hits your quokka.
A frilled lizard comes into view.
You have reached level 2!
Welcome back, Maratek the Gnoll Summoner.
Press ? for a list of commands and other information.
Are you sure you want to abandon this character and quit the game? (Confirm with "yes".)

# #.... ### #..l#
..###### #...# .)..§..#
#...# .#####.# #$b.## .#
#.# #..†.# .### #.#
#.#rr# ...###.#
#.#†.####.#
#......########.@.......#
###................######
..##..############.#
..##...# .# #####..# .#
..#g#..# .# ..###..# .#
...≈#..# .# ...~#. .#


You could see a frilled lizard and 2 friendly quokkas.

Vanquished Creatures (collateral kills)
  A dart slug (D:1)
  2 jackals (D:1)
  A frilled lizard (D:1)
  A rat (D:1)
5 creatures vanquished.

Notes
Turn   | Place    | Note
-------+----------+-------------------------------------------
     0 | D:1      | Maratek the Gnoll Summoner began the quest for the Orb.
     0 | D:1      | Reached XP level 1. HP: 13/13 MP: 6/6
   107 | D:1      | Reached XP level 2. HP: 19/19 MP: 4/7
   107 | D:1      | Upgraded the game from 0.31-a0-1202-ga8fea8b373 to
                  | 0.31-a0-1206-g41278d8d1d
   107 | D:1      | Quit the game

Illustrated notes

Levels and vault maps discovered:
D:1:      lordsloth_arrival_two_stooges, layout_loops_ring, minmay_pentomino_u2

Action                     || total
---------------------------++-------
   Cast: Summon Small Mamm ||     8

Table legend: (Time is in decaauts)
 A = Elapsed time spent in this place.
 B = Non-inter-level travel time spent in this place.
 C = Inter-level travel time spent in this place.
 D = Time resting spent in this place.
 E = Time spent auto-exploring this place.
 F = Levels seen in this place.
 G = Mean time per level.
                   A        B        C        D        E       F      G
               +--------+--------+--------+--------+--------+-----+--------+
         Total |    107 |    107 |      0 |      0 |     62 |   1 |  107.0 |
       Dungeon |    107 |    107 |      0 |      0 |     62 |   1 |  107.0 |
               +--------+--------+--------+--------+--------+-----+--------+

Top non-repeatable levels by time:
     D:1: 107 daAuts
